AoeStats
← albertogilborque1

Arabia

508479101Analyzed
1v1 RM · 9d ago on Sep 22, 2026· 46m 34s· 2 players
Game mode
Random Map
Map size
Tiny (2 player)
Population
200
Speed
Normal
Resources
Standard
Victory
Conquest
Starting age
Dark Age
Ending age
Imperial Age
RankedLock teamsTeams togetherTeam positionsShared explorationLock speedFull tech treeHidden civsTurbo modeCheats
Victory
Defeat
🇦🇷 Wei · Argentina
1024
+15
🇪🇸 Portuguese · Spain
1012
-15
albertogilborque1
9:46 Feudal Age
10:18 Double-Bit Axe
11:56 Loom
18:16 Castle Age
18:06 Scale Barding Armor
18:12 Forging
19:07 Bloodlines
19:49 Husbandry
20:57 Gold Mining
25:34 Fletching
26:43 Chain Barding Armor
26:59 Bodkin Arrow
30:04 Elite Skirmisher
40:14 Iron Casting
kevint028
7:28 Loom
9:48 Feudal Age
11:11 Double-Bit Axe
18:05 Castle Age
16:21 Gold Mining
17:43 Fletching
17:54 Padded Archer Armor
18:57 Bloodlines
19:08 Bodkin Arrow
20:30 Husbandry
25:04 Ballistics
25:12 Town Watch
25:14 Horse Collar
28:56 Leather Archer Armor
34:14 Thumb Ring
35:49 Wheelbarrow
38:44 Hand Cart
39:26 Scale Barding Armor
39:32 Forging
Connection lost

Rejoining the realm…

Still unreachable

The connection could not be restored.

Session expired

The server has moved on; the page needs a fresh start.